 Dungeon Crawl Stone Soup version 0.21-a0-516-gaaff437 (webtiles) character file.

11 4thArraOfDagon the Sneak (level 2, -3/18 HPs)
             Began as a Halfling Wanderer on Dec 3, 2017.
             Was an Initiate of Hepliaklqana.
             Killed from afar by an orc wizard (5 damage)
             ... with a magic dart
             ... on level 5 of the Dungeon.
             The game lasted 00:02:03 (372 turns).

4thArraOfDagon the Sneak (Halfling Wanderer)         Turns: 372, Time: 00:02:03

Health: -3/18      AC:  3    Str: 16    XL:     2   Next: 40%
Magic:  3/4        EV: 14    Int: 10    God:    Hepliaklqana [......]
Gold:   21         SH:  0    Dex: 10    Spells: 3/4 levels left

rFire    . . .     SeeInvis .   o - +1 short sword (venom)
rCold    . . .     Gourm    .   (shield restricted)
rNeg     . . .     Faith    .   d - +0 robe
rPois    .         Spirit   .   (no helmet)
rElec    .         Reflect  .   n - +0 cloak
rCorr    .         Harm     .   (no gloves)
MR       .....                  (no boots)
Stlth    +++.......             (no amulet)
HPRegen  0.06/turn              b - ring of stealth
MPRegen  0.09/turn              (no ring)

@: very slightly contaminated
A: small, reduced essence, mutation resistance 1
a: Recall Ancestor, Ancestor Identity, Renounce Religion


You were on level 5 of the Dungeon.
You worshipped Hepliaklqana.
Hepliaklqana was noncommittal.
You were not hungry.

You visited 1 branch of the dungeon, and saw 5 of its levels.

You collected 21 gold pieces.

Inventory:

Hand Weapons
 e - a +0 club
 f - a +0 dagger
 o - a +1 short sword of venom (weapon)
Missiles
 j - 54 stones (quivered)
Armour
 d - a +0 robe (worn)
 i - a +2 shield of poison resistance
 l - a +0 ring mail
 n - a +0 cloak (worn)
Jewellery
 b - a ring of stealth (left hand)
Scrolls
 h - 2 scrolls of remove curse {unknown}
 k - 2 scrolls of identify {unknown}
Books
 a - a book of Maledictions

   Spells                             Type                      Level
   a - Corona                         Hexes                        1
   b - Ensorcelled Hibernation        Hexes/Ice                    2
   c - Confuse                        Hexes                        3
   d - Tukima's Dance                 Hexes                        3
   e - Dazzling Spray                 Conjuration/Hexes            3
 c - the Handbook of Clay

   Spells                             Type                      Level
   a - Sandblast                      Earth                        1
   b - Stone Arrow                    Conjuration/Earth            3
Comestibles
 g - a bread ration


   Skills:
 - Level 2.6 Fighting
 - Level 1.1 Dodging
 - Level 3.2 Stealth
 - Level 1.5 Spellcasting
   Level 1.0 Hexes
 * Level 1.9 Earth Magic


You had 3 spell levels left.
You knew the following spells:

 Your Spells              Type           Power        Failure   Level  Hunger
a - Sandblast             Erth           #.....       16%         1    ##.....


Dungeon Overview and Level Annotations

Branches:
Dungeon (5/15)
 Temple: D:4-7

Altars:
Hepliaklqana
Qazlal
Uskayaw
Vehumet

Annotations:
D:3 brew9's ghost, amateur HOFi


Innate Abilities, Weirdness & Mutations

You are small and have problems with some larger weapons.
You are somewhat resistant to further mutation.
Your life essence is reduced to manifest your ancestor. (-10% HP)


Message History

Okay, then.
It was a potion of cancellation.
You feel magically purged. The jackal misses you. The jackal barely misses you.
The orc wizard casts a spell at you. The magic dart hits you!
* * * LOW HITPOINT WARNING * * *
The jackal barely misses you.
The jackal bites you but does no damage.
Unknown command.
Casting: Sandblast
Confirm with . or Enter, or press ? or * to list all spells.
Aiming: Sandblast
Press: ? - help, Shift-Dir - straight line, f - orc wizard
Aim: an orc wizard, wielding a dagger and wearing a robe You miscast Sandblast.
You are very lightly contaminated with residual magic.
Your feet feel warm.
The jackal barely misses you. x2
The orc wizard points at you and mumbles some strange words.
The magic dart hits you!
You die...

#.# #.#
#.# #.#
#.# #.#
#.# #
#h####....
#o@h...#
########


You could see an orc wizard and 2 jackals.

Vanquished Creatures
  An adder zombie (D:5)
  A dart slug (D:2)
  A giant cockroach (D:2)
  A hobgoblin (D:2)
  A frilled lizard (D:4)
  A goblin (D:2)
  A kobold (D:2)
  A rat (D:3)
8 creatures vanquished.

Vanquished Creatures (others)
  2 ancestors
2 creatures vanquished.

Grand Total: 10 creatures vanquished

Notes
Turn   | Place    | Note
-------+----------+-------------------------------------------
     0 | D:1      | 4thArraOfDagon the Halfling Wanderer began the quest for the Orb.
     0 | D:1      | 4thArraOfDagon set off with: a book of Maledictions, a potion of lignification, the Handbook of Clay, a +0 robe, a +0 club, a +0 dagger, a bread ration
     0 | D:1      | Reached XP level 1. HP: 15/15 MP: 3/3
    13 | D:1      | Identified the Handbook of Clay
    19 | D:1      | Learned a level 1 spell: Sandblast
    74 | D:2      | tidbits: c'mon arra, we believe in you
   100 | D:2      | Reached skill level 1 in Earth Magic
   160 | D:2      | Reached XP level 2. HP: 16/20 MP: 4/4
   198 | D:3      | Noticed a hand axe
   198 | D:3      | Noticed a dagger
   199 | D:3      | Found a hide-covered altar of Uskayaw.
   225 | D:3      | Found a hazy altar of Hepliaklqana.
   243 | D:3      | Became a worshipper of Hepliaklqana the Forgotten
   255 | D:3      | Noticed brew9's ghost (amateur HOFi)
   307 | D:4      | Found a stormy altar of Qazlal.
   308 | D:4      | Found a radiant altar of Vehumet.
   352 | D:5      | Entered Level 5 of the Dungeon
   372 | D:5      | Killed from afar by an orc wizard

Vault maps used:
D:1:      dpeg_arrival_snail, minmay_door_square
D:3:      overflow_temple_1_default, dancing_weapons_uskayaw,
          okawaru_altar_gauntlet_db
D:4:      gammafunk_temple_overflow_statue
D:5:      kennysheep_spiral_hall, led_sif_pool, first_bread,
          minmay_misc_feat_alley, minmay_holes

Skill      XL: |  1 |
---------------+----+-----
Earth Magic    | 1 |  1.9
Fighting       | |  2.6
Dodging        | |  1.1
Stealth        | |  3.2
Spellcasting   | |  1.5
Hexes          | |  1.0

Action                   || total
-------------------------++-------
Melee: Club              ||    22
       Short sword       ||    12
  Use: Potion            ||     2
 Stab: Sleeping          ||     1
Armor: Skin              ||    13
       Robe              ||     3
Dodge: Dodged            ||    23

Table legend:
 A = Spawn XP
 B = Non-spawn XP
 C = Spawn XP percentage of total XP
 D = Spawn monster count
 E = Non-spawn monster count
 F = Spawn count percentage of total count
 G = Total turns spent on level
                    A         B        C        D         E        F      G
               +---------+---------+-------+---------+---------+-------+---------
         Total |       0 |      17 |   0.0 |       0 |       8 |   0.0 |   372
               +---------+---------+-------+---------+---------+-------+---------
           D:2 |       0 |      10 |   0.0 |       0 |       5 |   0.0 |   102
           D:3 |       0 |       1 |   0.0 |       0 |       1 |   0.0 |   102
           D:4 |       0 |       1 |   0.0 |       0 |       1 |   0.0 |    78
           D:5 |       0 |       5 |   0.0 |       0 |       1 |   0.0 |    18
               +---------+---------+-------+---------+---------+-------+---------
